 Dungeon Crawl Stone Soup version 0.28-a0-628-g3c9886e45e (webtiles) character file.

Game seed: 7099196181676834194

579382 lawman0 the Sorcerer (level 26, -1/160 HPs)
             Began as a Tengu Hedge Wizard on Oct 4, 2021.
             Was the Champion of Vehumet.
             Slain by a tentacled starspawn (16 damage)
             ... on level 3 of the Abyss on Oct 8, 2021.
             The game lasted 06:48:14 (111550 turns).

lawman0 the Sorcerer (Tengu Hedge Wizard)         Turns: 111550, Time: 06:48:15

Health: -1/160     AC: 19    Str: 15 (16) XL:     26   Next: 62%
Magic:  20/50      EV: 23    Int: 23 (24) God:    Vehumet [******]
Gold:   5491       SH: 15    Dex: 22      Spells: 7/69 levels left

rFire   + + +      SeeInvis +   w - staff of conjuration
rCold   + . .      Faith    .   M - +0 kite shield {reflect}
rNeg    + + +      Spirit   .   i - quicksilver dragon scales
rPois   +          Reflect  +   E - +2 hat
rElec   +          Harm     .   k - +0 cloak of the Hills {rPois rF+++ Will+ Int-2}
rCorr   +          Rampage  .   L - +2 pair of gloves {Str+3}
Will    +++..                   (boots unavailable)
Stlth   ++........              a - amulet of Sunlight {RegenMP rCorr SInv Stlth+}
HPRegen 0.00/turn               N - ring of Mimmi {rN+++ rCorr Int-3 Dex+5 Stlth-}
MPRegen 0.57/turn               b - ring of Runimood {rElec rPois rC+ Int+6}

@: about to teleport, flying quickly and evasively, mildly diseased, studying 2
skills, quick
A: beak, talons 3, nimble flight, deterioration 1, strong 1
}: 4/15 runes: decaying, slimy, silver, gossamer
a: Renounce Religion


You were on level 3 of the Abyss.
You worshipped Vehumet.
Vehumet was exalted by your worship.
You visited 11 branches of the dungeon, and saw 52 of its levels.
You visited the Abyss 1 time.
You visited 1 bazaar.
You also visited: Ice Cave and Wizlab.

You collected 11806 gold pieces.
You spent 6315 gold pieces at shops.

Inventory:

Hand Weapons
 m - a +9 double sword of holy wrath
Missiles
 B - 2 throwing nets
 H - 2 boomerangs of dispersal
 Y - 13 curare-tipped darts (quivered)
Armour
 i - quicksilver dragon scales (worn)
 k - the +0 cloak of the Hills (worn) {rPois rF+++ Will+ Int-2}
   (You acquired it on level 4 of the Swamp)

   Int:       It affects your intelligence (-2).
   rF:        It renders you almost immune to fire.
   rPois:     It protects you from poison.
   Will:      It increases your willpower.
 E - a +2 hat (worn)
 L - a +2 pair of gloves of strength (worn)
 M - a +0 kite shield of reflection (worn)
Magical Staves
 w - a staff of conjuration (weapon)
Jewellery
 a - the amulet of Sunlight (around neck) {RegenMP rCorr SInv Stlth+}
   (You acquired it on level 1 of the Swamp)

   [amulet of magic regeneration]

   It increases your rate of magic regeneration.
   SInv:      It lets you see invisible.
   rCorr:     It protects you from acid and corrosion.
   Stlth:     It makes you more stealthy.
 b - the ring of Runimood (right hand) {rElec rPois rC+ Int+6}
   (You found it on level 5 of the Pits of Slime)

   [ring of intelligence]

   Int:       It affects your intelligence (+6).
   rC:        It protects you from cold.
   rElec:     It insulates you from electricity.
   rPois:     It protects you from poison.
 N - the ring of Mimmi (left hand) {rN+++ rCorr Int-3 Dex+5 Stlth-}
   (You took it off a wight on level 9 of the Dungeon)

   [ring of resist corrosion]

   Int:       It affects your intelligence (-3).
   Dex:       It affects your dexterity (+5).
   rN:        It renders you almost immune to negative energy.
   rCorr:     It protects you from acid and corrosion.
   Stlth:     It makes you less stealthy.
Wands
 d - a wand of charming (27)
 v - a wand of mindburst (41)
 A - a wand of polymorph (84)
 O - a wand of flame (125)
 V - a wand of paralysis (28)
 X - a wand of iceblast (28)
Scrolls
 c - a scroll of brand weapon
 j - 5 scrolls of fear
 n - 9 scrolls of vulnerability
 o - 40 scrolls of identify
 x - 2 scrolls of magic mapping
 J - a scroll of blinking
 P - 8 scrolls of summoning
 R - 8 scrolls of fog
Potions
 g - 14 potions of curing
 h - 6 potions of cancellation
 C - 4 potions of ambrosia
 D - 2 potions of haste
 F - 2 potions of magic
 G - 4 potions of resistance
 I - 3 potions of invisibility
 K - 11 potions of might
 Q - 9 potions of brilliance
Miscellaneous
 f - a phial of floods
 r - a piece from Xom's chessboard (15/15)
 s - a phantom mirror
 u - a condenser vane (inert)
 U - a lightning rod (4/4)
 W - a tin of tremorstones (inert)


   Skills:
 * Level 15.0 Fighting
 + Level 0.2 Long Blades
 - Level 1.0 Throwing
 + Level 8.4 Armour
 * Level 12.2 Dodging
 + Level 4.2 Stealth
 * Level 14.6 Shields
 + Level 22.3 Spellcasting
 * Level 21.2 Conjurations
 - Level 15.3 Summonings
 + Level 11.7 Necromancy
 + Level 7.7 Translocations
 + Level 9.7 Transmutations
 + Level 10.2 Fire Magic
 - Level 12.0 Ice Magic
 * Level 17.3 Air Magic
 + Level 6.0 Poison Magic
 + Level 4.0 Evocations


You had 7 spell levels left.
You knew the following spells:

 Your Spells              Type           Power      Damage    Failure   Level
a - Magic Dart            Conj           100%       1d8       0%          1
b - Blink                 Tloc           N/A        N/A       1%          2
c - Dispersal             Tloc           28%        N/A       19%         6
d - Chain Lightning       Conj/Air       53%        3d71      28%         9
f - Spellforged Servitor  Conj/Summ      52%        N/A       1%          7
g - Passwall              Tmut/Erth      40%        N/A       1%          2
h - Freezing Cloud        Conj/Ice/Air   50%        6-21      1%          5
i - Airstrike             Air            40%        N/A       1%          4
j - Orb of Destruction    Conj           55%        9d16      1%          7
k - Starburst             Conj/Fire      49%        6d13      1%          6
l - Fireball              Conj/Fire      49%        3d19      1%          5
m - Swiftness             Air            81%        N/A       0%          3
n - Apportation           Tloc           100%       N/A       1%          1
o - Iskenderun's Mystic   Conj/Tloc      95%        2d18      1%          4

Your spell library contained the following spells:

 Spells                   Type           Power      Damage    Failure   Level
 Lehudib's Crystal Spear  Conj/Erth      42%        10d10     50%         8
 Fire Storm               Conj/Fire      49%        8d12      71%         9
 Foxfire                  Conj/Fire      100%       2x1d9     0%          1
 Freeze                   Ice            100%       1d11      0%          1
 Shock                    Conj/Air       100%       1d9       0%          1
 Summon Small Mammal      Summ           100%       N/A       0%          1
 Call Imp                 Summ           77%        N/A       0%          2
 Corpse Rot               Necr/Air       N/A        N/A       0%          2
 Searing Ray              Conj           100%       2d8       0%          2
 Static Discharge         Conj/Air       100%       N/A       0%          2
 Call Canine Familiar     Summ           77%        N/A       0%          3
 Conjure Flame            Conj/Fire      98%        6-21      0%          3
 Mephitic Cloud           Conj/Pois/Air  96%        N/A       0%          3
 Iskenderun's Battlesphe  Conj           100%       2d15      0%          5
 Animate Skeleton         Necr           100%       N/A       1%          1
 Beastly Appendage        Tmut           100%       N/A       1%          1
 Pain                     Necr           100%       1d9       1%          1
 Sandblast                Erth           50%        2d12      1%          1
 Ensorcelled Hibernation  Hex/Ice        100%       N/A       1%          2
 Poisonous Vapours        Pois/Air       100%       N/A       1%          2
 Sublimation of Blood     Necr           34%        N/A       1%          2
 Wereblood                Tmut           63%        N/A       1%          2
 Dazzling Flash           Conj/Hex       100%       N/A       1%          3
 Frozen Ramparts          Ice            100%       1d12      1%          3
 Gell's Gravitas          Tloc           28%        N/A       1%          3
 Ignite Poison            Fire/Tmut/Pois 60%        N/A       1%          3
 Lesser Beckoning         Tloc           57%        N/A       1%          3
 Ozocubu's Armour         Ice            69%        N/A       1%          3
 Portal Projectile        Hex/Tloc       86%        N/A       1%          3
 Spider Form              Tmut/Pois      29%        N/A       1%          3
 Stone Arrow              Conj/Erth      100%       3d13      1%          3
 Summon Guardian Golem    Hex/Summ       57%        N/A       1%          3
 Teleport Other           Tloc           57%        N/A       1%          3
 Vampiric Draining        Necr           34%        2d10      1%          3
 Animate Armour           Summ/Erth      100%       N/A       1%          4
 Animate Dead             Necr           34%        N/A       1%          4
 Dispel Undead            Necr           68%        3d23      1%          4
 Fulminant Prism          Conj/Hex       42%        3d20      1%          4
 Hailstorm                Conj/Ice       100%       3d20      1%          4
 Ice Form                 Ice/Tmut       66%        N/A       1%          4
 Olgreb's Toxic Radiance  Pois           52%        N/A       1%          4
 Passage of Golubria      Tloc           N/A        N/A       1%          4
 Sticky Flame             Conj/Fire      98%        2d11      1%          4
 Summon Ice Beast         Ice/Summ       73%        N/A       1%          4
 Summon Lightning Spire   Summ/Air       79%        N/A       1%          4
 Agony                    Necr           68%        N/A       1%          5
 Blade Hands              Tmut           31%        N/A       1%          5
 Excruciating Wounds      Necr           34%        N/A       1%          5
 Lightning Bolt           Conj/Air       53%        1d75      1%          5
 Summon Forest            Summ/Tloc      34%        N/A       1%          5
 Conjure Ball Lightning   Conj/Air       53%        3x3d18    1%          6
 Iron Shot                Conj/Erth      42%        9d8       1%          6
 Summon Cactus Giant      Summ           38%        N/A       1%          6
 Silence                  Hex/Air        30%        N/A       2%          5
 Alistair's Intoxication  Tmut/Pois      38%        N/A       3%          5
 Summon Mana Viper        Hex/Summ       57%        N/A       3%          5
 Death Channel            Necr           34%        N/A       3%          6
 Simulacrum               Ice/Necr       34%        N/A       3%          6
 Slow                     Hex            25%        N/A       4%          2
 Petrify                  Tmut/Erth      48%        N/A       4%          4
 Summon Hydra             Summ           38%        N/A       4%          7
 Eringya's Noxious Bog    Tmut/Pois      29%        N/A       5%          6
 Ozocubu's Refrigeration  Ice            34%        4d11      5%          7
 Metabolic Englaciation   Hex/Ice        26%        N/A       7%          5
 Borgnjor's Vile Clutch   Necr/Erth      25%        N/A       8%          5
 Confusing Touch          Hex            25%        N/A       9%          3
 Tukima's Dance           Hex            25%        N/A       9%          3
 Haunt                    Necr/Summ      36%        N/A       10%         7
 Storm Form               Tmut/Air       36%        N/A       10%         7
 Lee's Rapid Deconstruct  Erth           12%        3d10*     21%         5
 Malign Gateway           Summ/Tloc      34%        N/A       22%         7
 Cause Fear               Hex            12%        N/A       28%         4
 Dragon Form              Tmut           31%        N/A       41%         7
 Statue Form              Tmut/Erth      32%        N/A       52%         6
 Invisibility             Hex            12%        N/A       99%         6
 Maxwell's Capacitive Co  Air            40%        ∞         4%          8
 Summon Horrible Things   Summ           38%        N/A       34%         8
 Ignition                 Fire           32%        3d10      56%         8
 Borgnjor's Revivificati  Necr           34%        N/A       83%         8
 Infestation              Necr           34%        N/A       83%         8
 Necromutation            Tmut/Necr      33%        N/A       93%         8
 Dragon's Call            Summ           38%        N/A       99%         9
 Polar Vortex             Ice            34%        N/A       99%         9
 Disjunction              Tloc           28%        N/A       100%        8
 Death's Door             Necr           34%        N/A       100%        9


Dungeon Overview and Level Annotations

Branches:
Dungeon (15/15)            Temple (1/1) D:6            Lair (6/6) D:9
  Swamp (4/4) Lair:3       Spider (4/4) Lair:3        Slime (5/5) Lair:6
    Orc (2/2) D:11            Elf (3/3) Orc:2        Vaults (5/5) D:14
  Crypt (3/3) Vaults:3       Tomb (0/3) Crypt:3      Depths (4/4) D:15
    Zot (0/5) Depths:4      IceCv (visited)          WizLab (visited)

Altars:
Ashenzari
Cheibriados
Dithmenos
Elyvilon
Fedhas
Gozag
Hepliaklqana
Kikubaaqudgha
Makhleb
Nemelex Xobeh
Okawaru
Qazlal
Ru
Sif Muna
Trog
Uskayaw
Vehumet
Wu Jian
Xom
Yredelemnul
Zin
The Shining One
Beogh
Jiyva

Shops:
D:6 ?   D:12 [   Orc:2 !:*   Elf:1 !:(?   Elf:3 (=::   Vaults:1 (

Portals:
Hell: Depths:1 Depths:2 Depths:3 Depths:4
Abyss: Depths:3 Depths:4
Pandemonium: Depths:2
Ziggurat: Depths:2

Annotations:
Vaults:4 left acquirement here in case I don't get necromutation from the crypt
Crypt:3 Khufu


Innate Abilities, Weirdness & Mutations

You have a beak for a mouth.
You have claws for feet.
Your magical nature lets you fly swiftly and evasively.
Your body sometimes deteriorates upon taking damage.
Your muscles are strong. (Str +2)


Message History

The reaper is engulfed in freezing vapours.
You block the reaper's attack.
A profane servitor comes into view. It is wielding a +2 whip.
The hell hog is engulfed in freezing vapours.
You feel much better.
The sky beast hits you but does no damage.
The reaper hits you from afar with a +4 vorpal scythe!!
The hell hog is engulfed in freezing vapours.
You kill the hell hog!
Vehumet accepts your kill.
You feel your power returning.
Casting: Freezing Cloud (safe; 1% risk of failure)
Confirm with . or Enter, or press ? or * to list all spells.
Casting: Starburst (mildly dangerous; 1% risk of failure)
Press: ? - help, Dir - look around, f - activate You feel a surge of power!
The bolt of fire hits the sky beast!!!
You kill the sky beast!
Vehumet accepts your kill.
You feel your power returning.
The bolt of fire hits the reaper!!
The reaper is heavily wounded.
You hear a sizzling sound!
The reaper closely misses you.
Unknown command.
Unknown command.
The profane servitor is engulfed in freezing vapours.
The reaper hits you but does no damage.
The reaper hits you from afar with a +4 vorpal scythe!!!
* * * LOW HITPOINT WARNING * * *
Your body deteriorates!
You feel weakened.
* * * LOW HITPOINT WARNING * * *
A tentacled starspawn and a large abomination come into view.
Unknown command.
Okay, then.
Casting: Starburst (mildly dangerous; 1% risk of failure)
Confirm with . or Enter, or press ? or * to list all spells.
You blink.
Tentacles burst from the starspawn's body! 2 starspawn tentacles come into view.
You feel better. The tentacled starspawn bites you!
You die...

##
#.###.#..
# #..###..
#..# #..#
#2### #.#
#..2# ##
#..#§##.#
####.#..#
#...#####.
#@wX.....
##X...##.
#w#.# .# #
#


You could see a tentacled starspawn, a reaper, a large abomination and 2
starspawn tentacles.

Vanquished Creatures
  the Royal Jelly (Slime:5)
  A dread lich (WizLab)
  2 ancient liches
  Mara (Crypt:1)
  A juggernaut (Depths:4)
  Sojobo (Crypt:2)
  2 royal mummies (Crypt:3)
  4 golden dragons
  the Enchantress (Depths:1)
  A bone dragon (Depths:4)
  Arachne (Spider:4)
  The ghost of AttackTheMoon the Tortoise, an adept BaFi of the Shining One (Elf:1)
  4 tentacled monstrosities (Vaults:5)
  5 liches
  Mlioglotl (Swamp:1)
  A shard shrike skeleton (Crypt:1)
  2 deep elf blademasters (Elf:3)
  3 titans
  Asterion (Depths:1)
  2 deep elf master archers (Elf:3)
  14 acid blobs
  Kirke (D:13)
  4 ancient champions
  Frances (D:14)
  6 sphinxes
  5 tengu reavers
  A thorn hunter (Swamp:2)
  Agnes (D:14)
  A tentacled starspawn (Abyss:3)
  6 shadow dragons
  3 storm dragons
  Donald (Elf:1)
  A fenstrider witch (Swamp:2)
  10 rockslimes
  7 azure jellies
  A revenant (Crypt:3)
  2 iron dragons (Vaults:5)
  The ghost of HilariousDeathArtist the Devastator, a journeyman BaEE of Qazlal (Lair:5)
  3 ghost moths
  2 orc warlords
  6 fire giants
  Aizul (Swamp:3)
  9 frost giants
  6 deep elf sorcerers
  A balrug (Depths:1)
  8 emperor scorpions
  Louise (Depths:4)
  A caustic shrike zombie (WizLab)
  A juggernaut zombie (Depths:3)
  5 deep elf elementalists
  22 vault wardens
  A reaper (Depths:2)
  A draconian shifter (Depths:4)
  6 war gargoyles
  2 curse skulls
  5 spriggan defenders
  17 ghouls
  A juggernaut skeleton (Crypt:3)
  13 quicksilver oozes
  20 ironbound preservers
  18 stone giants
  11 vampire knights
  20 very ugly things
  4 starcursed masses (Abyss:2)
  9 deep elf demonologists
  4 green draconians (Depths:4)
  10 deep elf annihilators
  Nessos (D:13)
  A red draconian (Depths:4)
  A white draconian (Depths:4)
  4 bunyips
  3 entropy weavers
  The ghost of AttackTheMoon the Covert, a journeyman VSGl of Ashenzari (Orc:2)
  Azrael (Orc:2)
  2 yellow draconians (Depths:4)
  24 dire elephants
  A purple draconian (Depths:4)
  4 spark wasps
  A blizzard demon (Depths:1)
  Snorg (D:14)
  7 ettins
  3 crystal guardians
  5 eidola
  An eleionoma (Swamp:4)
  10 deep elf death magi
  Josephine (Swamp:1)
  11 jiangshi
  8 fire dragons
  A mummy priest (WizLab)
  A merfolk impaler (Depths:3)
  15 yaktaur captains
  6 deep elf high priests
  9 great orbs of eyes
  Harold (D:7)
  6 rakshasas
  8 ironbound thunderhulks
  4 peacekeepers
  13 ice dragons
  15 hydras
  9 boulder beetles
  36 vault guards
  3 ogre magi
  A hell beast (Depths:1)
  12 centaur warriors
  2 ghost crabs
  12 ironbound frosthearts
  Erica (D:9)
  6 spriggan air magi
  A catoblepas (Lair:5)
  23 dancing weapons
  A two-headed ogre (shapeshifter) (Vaults:5)
  6 tengu warriors
  8 two-headed ogres
  6 death yaks
  4 death knights
  9 deep troll earth magi
  7 alligators
  7 deep troll shamans
  6 vampire magi
  A hell hog (Abyss:3)
  4 orc high priests
  2 spriggan berserkers
  A shock serpent (shapeshifter) (Vaults:5)
  A storm dragon zombie (WizLab)
  A titan zombie (WizLab)
  5 hell knights (Depths:1)
  A soul eater (Depths:1)
  24 deep elf knights
  Urug (D:12)
  2 sun demons (Depths:2)
  2 thrashing horrors (Abyss:3)
  A spectral dire elephant (Lair:5)
  A fire crab (Lair:5)
  2 wretched stars
  5 large abominations
  13 skeletal warriors
  A shadow wraith (Crypt:3)
  A sixfirhy (Abyss:3)
  A spectral anaconda (Lair:6)
  32 deep trolls
  4 goliath frogs
  8 iron trolls
  A spriggan druid (Swamp:3)
  6 swamp dragons
  12 flayed ghosts
  A glowing orange brain (Depths:1)
  An obsidian statue (Lair:6)
  5 bog bodies
  A death drake (shapeshifter) (Depths:3)
  18 deep elf archers
  4 lindwurms
  A golden dragon skeleton (Crypt:2)
  20 phantasmal warriors
  37 deep elf pyromancers
  An orange crystal statue (Elf:1)
  5 harpies (Vaults:2)
  35 deep elf zephyrmancers
  2 tengu zombies
  12 wizards
  3 iron dragon zombies
  17 ironbound convokers
  20 orb spiders
  5 orc sorcerers
  10 necromancers
  A fire giant zombie (Vaults:2)
  A harpy (shapeshifter) (Depths:3)
  9 orc knights
  3 will-o-the-wisps
  20 ugly things
  A frost giant zombie (WizLab)
  38 wolf spiders
  An oklob plant (Lair:6)
  5 manticores
  2 wolf spiders (shapeshifter)
  A salamander (Depths:2)
  2 tengu skeletons
  2 moths of wrath
  6 shining eyes
  A shadow dragon skeleton (Depths:3)
  A worldbinder (Abyss:1)
  4 cyclopes
  A naga zombie (Crypt:3)
  A dire elephant zombie (Lair:6)
  A guardian serpent (shapeshifter) (D:13)
  2 smoke demons
  A demonspawn zombie (WizLab)
  9 fire giant skeletons (Crypt:3)
  An eye of devastation (shapeshifter) (D:13)
  12 elephants (Lair:6)
  A black mamba (Lair:5)
  13 vault sentinels
  2 molten gargoyles (D:13)
  An ice statue (IceCv)
  4 eyes of devastation
  A cane toad (shapeshifter) (D:13)
  A spriggan skeleton (Crypt:3)
  A yellow draconian zombie (Crypt:1)
  2 dire elephant skeletons (Lair:6)
  5 gargoyles
  11 cane toads
  3 orange demons (D:13)
  A torpor snail (shapeshifter) (Vaults:5)
  An elf skeleton (Vaults:4)
  4 torpor snails
  A rime drake (shapeshifter) (D:14)
  8 komodo dragons
  2 unseen horrors (D:12)
  A yaktaur zombie (WizLab)
  31 yaktaurs
  16 demonic crawlers
  2 kobold demonologists (D:13)
  An efreet (Abyss:3)
  5 freezing wraiths
  3 guardian mummies (WizLab)
  2 ancient zymes (Abyss:3)
  3 tengu conjurers
  2 red devils (D:13)
  55 jumping spiders
  11 polar bears
  6 trolls
  A shadow dragon simulacrum (Vaults:1)
  78 slime creatures
  A bloated husk (Swamp:1)
  7 tyrant leeches
  A harpy skeleton (Crypt:3)
  17 hornets
  3 raiju
  10 blink frogs
  A guardian serpent zombie (Crypt:2)
  A meliai zombie (D:10)
  A black mamba zombie (Crypt:1)
  An ettin skeleton (Vaults:1)
  A dream sheep (Lair:5)
  A centaur simulacrum (D:15)
  7 shadows
  2 air elementals
  2 spriggan zombies
  5 flying skulls
  A tarantella (shapeshifter) (D:14)
  6 vampires
  7 fire dragon skeletons (Crypt:3)
  A ynoxinul (Abyss:3)
  62 redbacks
  15 spriggans
  A deep troll skeleton (Vaults:3)
  2 wyverns
  25 tarantellas
  14 wraiths
  7 water elementals
  5 steam dragons
  3 hogs (D:13)
  2 chaos spawn
  4 swamp worm simulacra (Swamp:4)
  76 yaks
  6 fire elementals
  5 golden eyes (Slime:4)
  6 basilisks
  3 neqoxecs
  A death yak simulacrum (Lair:6)
  8 vampire mosquitoes
  Menkaure (D:7)
  A two-headed ogre zombie (Crypt:1)
  14 swamp worms
  2 wargs (Orc:1)
  21 water moccasins
  An ogre zombie (Vaults:2)
  A swamp worm (shapeshifter) (Depths:1)
  2 acid dragons
  Duvessa (D:7)
  A spectral cane toad (Lair:6)
  2 floating eyes
  14 hydra simulacra (Swamp:4)
  40 orc warriors
  3 hell hounds (Orc:2)
  5 swamp drakes
  4 black bears
  An ice beast (D:6)
  14 necrophages
  A swamp dragon zombie (Crypt:1)
  An elephant zombie (Lair:6)
  An elf simulacrum (Vaults:4)
  An ettin simulacrum (Vaults:3)
  3 sky beasts
  An elf zombie (WizLab)
  32 wolves
  5 centaurs
  13 ogres
  25 bullfrogs
  Blork the orc (D:5)
  7 human zombies
  A palentonga skeleton (Crypt:2)
  3 earth elementals
  3 scorpions
  A gnoll sergeant (D:9)
  3 human skeletons
  A jelly (D:4)
  Dowan (D:7)
  3 small abominations (Abyss:3)
  29 killer bees
  16 wights
  An electric eel (Lair:3)
  10 howler monkeys
  10 centaur zombies
  5 lava snakes (D:13)
  A centaur skeleton (D:6)
  2 hounds (D:5)
  19 orc priests
  2 gnoll shamans (D:8)
  3 bullfrog skeletons
  3 iguanas
  24 orc wizards
  Ijyb (D:4)
  5 hell rats (Lair:1)
  A scorpion zombie (D:5)
  A demigod zombie (Crypt:1)
  A felid skeleton (Crypt:2)
  3 mummies
  Robin (D:4)
  2 howler monkey zombies
  11 gnolls
  2 howler monkey skeletons
  4 adders
  2 shadow imps (D:8)
  A white imp (Abyss:3)
  2 ufetubi
  4 swamp drake simulacra (Swamp:4)
  A worm zombie (Crypt:1)
  13 dart slugs
  107 orcs
  5 ball pythons
  A bat zombie (Depths:1)
  13 endoplasms
  3 giant cockroaches
  18 goblins
  9 hobgoblins
  9 jackals
  6 quokkas
  14 bats
  3 frilled lizards
  A jackal skeleton (Crypt:2)
  A jackal zombie (Crypt:2)
  14 kobolds
  6 rats
  A ball lightning (D:13)
  7 briar patches (Swamp:2)
  A starspawn tentacle (Abyss:2)
2331 creatures vanquished.

Vanquished Creatures (collateral kills)
  An acid blob (Slime:5)
  2 azure jellies (Slime:5)
  2 rockslimes
  A vault warden (Vaults:5)
  A ghost moth (Spider:2)
  An ironbound preserver (Vaults:1)
  A jiangshi (Crypt:2)
  2 dancing weapons (Elf:2)
  2 deep troll earth magi (Vaults:3)
  A deep troll (Vaults:3)
  2 naga skeletons (Crypt:3)
  A yaktaur (Vaults:5)
  2 slime creatures (Vaults:3)
  A vampire (Crypt:3)
  A wraith (Crypt:1)
  A killer bee (D:8)
  26 ball lightnings
48 creatures vanquished.

Vanquished Creatures (others)
  A bog body (Swamp:2)
  A swamp dragon (Swamp:4)
  A deep elf zephyrmancer (Elf:3)
  A deep elf pyromancer (Elf:1)
  A phantasmal warrior (Vaults:5)
  A bloated husk (Swamp:3)
  A jumping spider (Spider:4)
  An orc priest (Orc:2)
  488 ball lightnings
  499 foxfires
  129 fungi
  144 plants
  4 starspawn tentacles (Abyss:2)
  48 withered plants
1320 creatures vanquished.

Grand Total: 3699 creatures vanquished

Notes
Turn   | Place    | Note
-------+----------+-------------------------------------------
     0 | D:1      | lawman0 the Tengu Hedge Wizard began the quest for the Orb.
     0 | D:1      | Reached XP level 1. HP: 10/10 MP: 5/5
   291 | D:1      | Reached XP level 2. HP: 7/15 MP: 1/7
  1019 | D:1      | Reached XP level 3. HP: 19/19 MP: 5/9
  1270 | D:1      | Learned a level 2 spell: Blink
  1273 | D:1      | Learned a level 2 spell: Call Imp
  1277 | D:1      | Learned a level 3 spell: Mephitic Cloud
  1996 | D:2      | Found a faded altar of an unknown god.
  2303 | D:2      | Reached XP level 4. HP: 16/24 MP: 0/10
  3081 | D:3      | Reached skill level 1 in Poison Magic
  3106 | D:3      | Reached skill level 1 in Air Magic
  3716 | D:3      | Gained mutation: Your magical nature lets you fly swiftly
                  | and evasively. [Tengu growth]
  3716 | D:3      | Reached XP level 5. HP: 28/28 MP: 7/11
  4327 | D:4      | Noticed Ijyb
  4358 | D:4      | Paralysed by Ijyb for 3 turns
  4363 | D:4      | Paralysed by Ijyb for 7 turns
  4406 | D:4      | Killed Ijyb
  4407 | D:4      | Reached skill level 4 in Spellcasting
  4841 | D:4      | Noticed Robin
  4851 | D:4      | Killed Robin
  5036 | D:4      | Reached XP level 6. HP: 25/32 MP: 1/13
  5538 | D:5      | Entered Level 5 of the Dungeon
  5633 | D:5      | Identified the +0 leather armour of a treasure trove {rPois
                  | Dex+2 SInv}
  5667 | D:5      | Reached skill level 5 in Conjurations
  5667 | D:5      | Reached XP level 7. HP: 37/37 MP: 6/15
  5980 | D:5      | Found a hide-covered altar of Uskayaw.
  6069 | D:5      | Reached skill level 5 in Spellcasting
  6092 | D:5      | Reached skill level 1 in Translocations
  6209 | D:5      | Reached skill level 1 in Armour
  6304 | D:5      | Noticed Blork the orc
  6313 | D:5      | Killed Blork the orc
  6314 | D:5      | Reached XP level 8. HP: 42/42 MP: 10/16
  6474 | D:5      | Reached skill level 1 in Fighting
  6810 | D:6      | Found Veboc's Magic Scroll Boutique.
  6817 | D:6      | Bought a scroll of identify for 26 gold pieces
  6817 | D:6      | Bought a scroll of identify for 26 gold pieces
  6817 | D:6      | Bought a scroll of identify for 26 gold pieces
  6817 | D:6      | Bought a scroll of magic mapping for 45 gold pieces
  6817 | D:6      | Bought a scroll of identify for 26 gold pieces
  6817 | D:6      | Bought a scroll of teleportation for 39 gold pieces
  6817 | D:6      | Bought a scroll of noise for 13 gold pieces
  6829 | D:6      | Found a staircase to the Ecumenical Temple.
  6840 | Temple   | Entered the Ecumenical Temple
  6911 | Temple   | Became a worshipper of Vehumet
  7091 | D:6      | Reached skill level 1 in Shields
  7669 | D:6      | Found a basalt altar of Yredelemnul.
  7853 | D:6      | Reached skill level 5 in Air Magic
  7959 | D:7      | Found a hazy altar of Hepliaklqana.
  7963 | D:7      | Noticed Dowan
  7963 | D:7      | Noticed Harold
  7971 | D:7      | Noticed Duvessa
  7978 | D:7      | Killed Dowan
  7980 | D:7      | Killed Duvessa
  7981 | D:7      | Reached skill level 6 in Spellcasting
  7981 | D:7      | Reached XP level 9. HP: 47/47 MP: 4/19
  8151 | D:7      | Killed Harold
  8183 | D:7      | Reached skill level 1 in Throwing
  8477 | D:7      | Noticed Menkaure
  8483 | D:7      | Killed Menkaure
  8484 | D:7      | Reached skill level 1 in Evocations
  9041 | D:7      | Reached XP level 10. HP: 33/53 MP: 15/21
  9249 | D:7      | Reached * piety under Vehumet
  9249 | D:7      | Offered knowledge of Foxfire by Vehumet.
  9250 | D:7      | Reached skill level 7 in Spellcasting
  9252 | D:7      | Learned a level 1 spell: Foxfire
  9708 | D:7      | Reached skill level 10 in Conjurations
 10715 | D:8      | Learned a level 2 spell: Corpse Rot
 10764 | D:8      | Reached ** piety under Vehumet
 10839 | D:8      | Learned a level 2 spell: Passwall
 10890 | D:8      | Noticed a manticore
 10899 | D:8      | Killed a manticore
 10899 | D:8      | Offered knowledge of Static Discharge by Vehumet.
 10912 | D:8      | Identified the +0 flail "Nirrag" {vorpal, Int+4}
 11106 | D:8      | Reached skill level 1 in Fire Magic
 11787 | D:9      | Found a blossoming altar of Fedhas.
 11820 | D:9      | Offered knowledge of Scorch by Vehumet.
 11861 | D:9      | Reached skill level 8 in Spellcasting
 11968 | D:9      | Reached XP level 11. HP: 57/57 MP: 20/24
 12102 | D:9      | Reached *** piety under Vehumet
 12166 | D:9      | Reached skill level 1 in Transmutations
 12232 | D:9      | Found a stormy altar of Qazlal.
 12475 | D:9      | Identified the ring of Mimmi {rN+++ rCorr Int-3 Dex+5
                  | Stlth-}
 12708 | D:9      | Found a staircase to the Lair.
 12792 | D:9      | Noticed Erica
 12839 | D:9      | Killed Erica
 12840 | D:9      | Reached skill level 5 in Shields
 13104 | D:6      | Bought a scroll of summoning for 123 gold pieces
 13160 | Lair:1   | Entered Level 1 of the Lair of Beasts
 13192 | Lair:1   | Offered knowledge of Hailstorm by Vehumet.
 13198 | Lair:1   | Learned a level 4 spell: Hailstorm
 14067 | Lair:1   | Reached **** piety under Vehumet
 14244 | Lair:1   | Noticed a boulder beetle
 14836 | Lair:1   | Identified the +3 leather armour "Urupamo" {rPois rC+
                  | Dex-5}
 14965 | Lair:1   | Reached skill level 5 in Summonings
 15023 | Lair:1   | Reached skill level 1 in Ice Magic
 15050 | Lair:1   | Reached XP level 12. HP: 54/62 MP: 9/25
 15476 | Lair:2   | Noticed a seven-headed hydra
 15718 | Lair:2   | Killed a seven-headed hydra
 15719 | Lair:2   | Reached skill level 5 in Dodging
 15940 | Lair:2   | Offered knowledge of Airstrike by Vehumet.
 15946 | Lair:2   | Learned a level 4 spell: Airstrike
 16216 | Lair:2   | Reached skill level 9 in Spellcasting
 16573 | Lair:2   | Noticed a seven-headed hydra
 16577 | Lair:2   | Killed a seven-headed hydra
 16873 | Lair:3   | Found a staircase to the Swamp.
 17213 | Lair:3   | Reached skill level 10 in Air Magic
 18143 | Lair:3   | Reached ***** piety under Vehumet
 18267 | Lair:3   | Found a hole to the Spider Nest.
 18585 | Lair:3   | Offered knowledge of Fulminant Prism by Vehumet.
 18923 | Lair:3   | Reached XP level 13. HP: 68/68 MP: 20/27
 19742 | Lair:4   | Reached skill level 1 in Necromancy
 20591 | Lair:5   | Reached skill level 5 in Translocations
 21217 | Lair:5   | Found a transporter.
 21222 | Lair:5   | Found a transporter.
 21222 | Lair:5   | Noticed HilariousDeathArtist's ghost (journeyman BaEE)
 21444 | Lair:5   | Reached skill level 10 in Spellcasting
 21453 | Lair:5   | Identified the +1 cloak of Niga {Harm rElec rN+ Will- SInv}
 22036 | Lair:6   | Entered Level 6 of the Lair of Beasts
 22108 | Lair:6   | Found a viscous altar of Jiyva.
 22108 | Lair:6   | Found a staircase to the Slime Pits.
 22210 | Lair:6   | Reached skill level 5 in Transmutations
 22438 | Lair:6   | Identified the +6 falchion of Qaerph Qyrgh {venom, rF+
                  | Will+ Dex+3}
 22561 | Lair:6   | Noticed a dire elephant
 23847 | Lair:6   | Noticed a dire elephant
 25034 | Lair:6   | Noticed a dire elephant
 25546 | Lair:6   | Reached XP level 14. HP: 59/72 MP: 7/29
 25799 | Lair:6   | Identified the +11 spear "Abroedos" {drain, Str-3 Dex+4}
 26361 | Lair:6   | Reached skill level 11 in Spellcasting
 27697 | Lair:6   | Killed a dire elephant
 27847 | Lair:6   | Killed a dire elephant
 28013 | Lair:6   | Killed a dire elephant
 28525 | D:10     | Entered Level 10 of the Dungeon
 29566 | D:10     | Found a sacrificial altar of Ru.
 29631 | D:10     | Found a shimmering blue altar of Sif Muna.
 29814 | D:10     | Reached skill level 5 in Necromancy
 30198 | D:10     | Offered knowledge of Conjure Ball Lightning by Vehumet.
 30206 | D:10     | Learned a level 6 spell: Conjure Ball Lightning
 30335 | D:10     | Got the Grimoire of Plaster Cramp
 30342 | D:10     | Got Olovupp's Catalogue of Combed Thunderclap
 30364 | D:10     | Got Sif Muna's Papyrus of Axaxaxas mlö
 31262 | D:11     | Found a staircase to the Orcish Mines.
 31487 | D:11     | Identified the +1 ring mail "Purchiump" {rN+}
 31627 | D:11     | Reached skill level 12 in Spellcasting
 31628 | D:11     | hahah yes!
 31628 | D:11     | HAHA YES
 32082 | D:12     | Found Dilac's Antique Armour Emporium.
 32095 | D:12     | Bought a distressingly furry robe for 148 gold pieces
 32095 | D:12     | Identified the +0 robe of the Battered Quests {rC+ Dex+2}
                  | (You bought it in a shop on level 12 of the Dungeon)
 32212 | D:12     | Found a frozen archway.
 32221 | IceCv    | Entered an ice cave
 34003 | IceCv    | Offered knowledge of Starburst by Vehumet.
 34004 | IceCv    | Reached XP level 15. HP: 77/80 MP: 26/32
 34017 | IceCv    | Learned a level 6 spell: Starburst
 34281 | IceCv    | Reached skill level 13 in Spellcasting
 34600 | IceCv    | Identified a scroll of acquirement
 34600 | IceCv    | Acquired 960 gold pieces
 34736 | D:12     | Noticed Urug
 34924 | D:12     | Reached skill level 5 in Armour
 35492 | D:12     | Killed Urug
 35748 | D:12     | Bought a glowing ring mail for 182 gold pieces
 36272 | D:13     | Noticed a ghoul
 36292 | D:13     | Killed a ghoul
 36553 | D:13     | Noticed Nessos
 36553 | D:13     | Noticed a ghoul
 36564 | D:13     | Killed Nessos
 36874 | D:13     | Noticed Kirke
 36947 | D:13     | Noticed a sphinx
 38279 | D:13     | Noticed a sphinx
 38627 | D:13     | Killed Kirke
 38967 | D:14     | Noticed Agnes
 38971 | D:14     | Killed Agnes
 39215 | D:14     | Noticed Snorg
 39383 | D:14     | Reached skill level 5 in Fighting
 39537 | D:14     | Reached skill level 14 in Spellcasting
 39724 | D:14     | Killed Snorg
 40065 | D:14     | Reached skill level 15 in Air Magic
 40220 | D:14     | Found a gate to the Vaults.
 40606 | D:14     | Reached skill level 5 in Fire Magic
 40648 | D:14     | Reached XP level 16. HP: 87/87 MP: 12/35
 40713 | D:14     | Noticed Frances
 40718 | D:14     | Killed Frances
 41165 | D:15     | Entered Level 15 of the Dungeon
 41337 | D:15     | Found a glowing golden altar of the Shining One.
 41434 | D:15     | Found a hazy altar of Hepliaklqana.
 43010 | Orc:1    | Entered Level 1 of the Orcish Mines
 43013 | Orc:1    | Offered knowledge of Fireball by Vehumet.
 43032 | Orc:1    | Learned a level 5 spell: Fireball
 43155 | Orc:2    | Entered Level 2 of the Orcish Mines
 44088 | Orc:2    | Found a staircase to the Elven Halls.
 44327 | Orc:2    | Noticed Azrael
 44336 | Orc:2    | Killed Azrael
 44631 | Orc:2    | Found a shimmering altar of Xom.
 44772 | Orc:2    | Found a runed translucent door.
 44774 | Orc:2    | Noticed AttackTheMoon's ghost (journeyman VSGl)
 44791 | Orc:2    | Killed AttackTheMoon's ghost
 44804 | Orc:2    | Found the +6 Majin-Bo {vamp, MP+6 Int+6}
 45261 | Orc:2    | Reached skill level 15 in Spellcasting
 45598 | Orc:2    | Found Axecefai's Book Shoppe.
 45598 | Orc:2    | Found Delif's Distillery.
 45600 | Orc:2    | Found Qeca's Magic Scroll Shop.
 45600 | Orc:2    | Found Mevetep's Assorted Antiques.
 45612 | Orc:2    | Bought a knobbly golden ring for 135 gold pieces
 45612 | Orc:2    | Bought a flickering pewter ring for 135 gold pieces
 45612 | Orc:2    | Identified the ring "Obaaloat" {rElec rF- rN+++ AC+4 Int-3}
                  | (You bought it in a shop on level 2 of the Orcish Mines)
 45614 | Orc:2    | Bought a scroll of amnesia for 49 gold pieces
 45614 | Orc:2    | Bought a scroll of noise for 14 gold pieces
 45614 | Orc:2    | Bought a scroll of fog for 28 gold pieces
 45614 | Orc:2    | Bought a scroll of identify for 28 gold pieces
 45614 | Orc:2    | Bought a scroll of identify for 28 gold pieces
 45614 | Orc:2    | Bought a scroll of teleportation for 42 gold pieces
 45614 | Orc:2    | Bought a scroll of identify for 28 gold pieces
 45614 | Orc:2    | Bought a scroll of teleportation for 42 gold pieces
 45614 | Orc:2    | Bought a scroll of fear for 49 gold pieces
 45614 | Orc:2    | Bought 2 scrolls of amnesia for 98 gold pieces
 45614 | Orc:2    | Bought a scroll of teleportation for 42 gold pieces
 45620 | Orc:2    | Bought a potion of mutation for 144 gold pieces
 45620 | Orc:2    | Bought a potion of magic for 144 gold pieces
 45620 | Orc:2    | Bought a potion of brilliance for 72 gold pieces
 45620 | Orc:2    | Bought 2 potions of brilliance for 144 gold pieces
 45620 | Orc:2    | Bought a potion of heal wounds for 90 gold pieces
 45620 | Orc:2    | Bought a potion of heal wounds for 90 gold pieces
 45620 | Orc:2    | Bought a potion of might for 72 gold pieces
 45620 | Orc:2    | Bought a potion of curing for 54 gold pieces
 45620 | Orc:2    | Bought a potion of curing for 54 gold pieces
 45625 | Orc:2    | Bought a book of Burglary for 420 gold pieces
 45625 | Orc:2    | Bought a book of Debilitation for 330 gold pieces
 45874 | Orc:2    | Bought the Grimoire of Envenoming for 720 gold pieces
 45940 | Elf:1    | Entered Level 1 of the Elven Halls
 46343 | Elf:1    | Found Wugelony's Weapon Boutique.
 46377 | Elf:1    | Noticed Donald
 46378 | Elf:1    | Found Digymi's Book Shoppe.
 46927 | Elf:1    | Found Hosugh's Distillery.
 46933 | Elf:1    | Bought a potion of heal wounds for 65 gold pieces
 46975 | Elf:1    | Reached ****** piety under Vehumet
 47014 | Elf:1    | Found Wauwixex's Magic Scroll Emporium.
 47049 | Elf:1    | Upgraded the game from 0.28-a0-595-g9f6c0e134a to
                  | 0.28-a0-612-gcfc00ec14d
 47180 | Elf:1    | Found a large runed translucent door.
 47181 | Elf:1    | Found a large runed translucent door.
 47181 | Elf:1    | Noticed AttackTheMoon's ghost (adept BaFi)
 47232 | Elf:1    | Killed Donald
 47581 | Elf:1    | Killed AttackTheMoon's ghost
 47753 | Elf:1    | Got the Compendium of Black Arts
 48050 | Elf:1    | Reached XP level 17. HP: 95/95 MP: 19/37
 48061 | Elf:1    | Offered knowledge of Irradiate by Vehumet.
 48669 | Elf:1    | Got the Reference Book on Arcane Weapons
 48670 | Elf:1    | yes
 48670 | Elf:1    | YES
 48680 | Elf:1    | Found a shimmering blue altar of Sif Muna.
 48847 | Elf:1    | Identified the +3 robe of Squeaky Freedom {Rampage Will++}
 49504 | Elf:2    | Reached skill level 16 in Spellcasting
 49734 | Elf:2    | Found a portal to a secret trove of treasure.
 49746 | Elf:2    | ....
 49746 | Elf:2    | .........................
 49746 | Elf:2    | fuck you
 50196 | Elf:1    | Bought a potion of curing for 39 gold pieces
 50196 | Elf:1    | Bought a potion of curing for 39 gold pieces
 50196 | Elf:1    | Bought a potion of heal wounds for 65 gold pieces
 50515 | Swamp:1  | Entered Level 1 of the Swamp
 50940 | Lair:1   | Learned a level 7 spell: Spellforged Servitor
 51122 | Swamp:1  | Noticed Mlioglotl
 51366 | Lair:5   | Killed HilariousDeathArtist's ghost
 51882 | Swamp:1  | Killed Mlioglotl
 52234 | Swamp:1  | Noticed Josephine
 52268 | Swamp:1  | Killed Josephine
 52715 | Swamp:1  | Offered knowledge of Lightning Bolt by Vehumet.
 52722 | Swamp:1  | Learned a level 5 spell: Lightning Bolt
 53215 | Swamp:1  | Acquired the amulet of Sunlight {RegenMP rCorr SInv Stlth+}
 53747 | Swamp:2  | Paralysed by a fenstrider witch for 2 turns
 54709 | Swamp:2  | Reached XP level 18. HP: 92/103 MP: 17/39
 55441 | Swamp:3  | Noticed Aizul
 55447 | Swamp:3  | Killed Aizul
 56139 | Swamp:4  | Entered Level 4 of the Swamp
 56523 | Swamp:4  | Got a decaying rune of Zot
 56664 | Swamp:4  | Acquired the Almanac of the Six Bones
 56670 | Swamp:4  | Learned a level 3 spell: Swiftness
 56716 | Swamp:4  | Reached skill level 17 in Spellcasting
 56883 | Swamp:4  | Identified the +7 great mace "Newossidgh" {elec, rC+ rN++
                  | Int-4 Stlth+}
 56887 | Swamp:4  | Acquired the +0 cloak of the Hills {rPois rF+++ Will+
                  | Int-2}
 57390 | Swamp:4  | Offered knowledge of Orb of Destruction by Vehumet.
 57391 | Swamp:4  | Reached skill level 5 in Ice Magic
 57747 | Lair:1   | Learned a level 5 spell: Freezing Cloud
 57810 | Spider:1 | Entered Level 1 of the Spider Nest
 59690 | Spider:2 | Learned a level 7 spell: Orb of Destruction
 60176 | Spider:2 | You are sucked into a shaft and drop 1 floor!
 60632 | Spider:3 | Offered knowledge of Lehudib's Crystal Spear by Vehumet.
 60632 | Spider:3 | Offered knowledge of Fire Storm by Vehumet.
 60632 | Spider:3 | Offered knowledge of Chain Lightning by Vehumet.
 62203 | Spider:4 | Entered Level 4 of the Spider Nest
 62213 | Spider:3 | Reached XP level 19. HP: 91/110 MP: 18/41
 64645 | Spider:4 | Reached skill level 18 in Spellcasting
 65478 | Spider:4 | Reached skill level 10 in Shields
 65679 | Spider:4 | Noticed Arachne
 65698 | Spider:4 | Killed Arachne
 66045 | Spider:4 | Got a gossamer rune of Zot
 67465 | Elf:2    | Found a runed translucent gate.
 67466 | Elf:2    | Found a runed translucent gate.
 67466 | Elf:2    | Found a runed translucent gate.
 67573 | Elf:3    | Entered Level 3 of the Elven Halls
 68708 | Elf:3    | Identified the +6 dagger of Extremism {flame, rElec rCorr
                  | Str-5 Int+3}
 69400 | Elf:3    | Found Xonaleg's Weapon Shoppe.
 69503 | Elf:3    | Reached skill level 10 in Summonings
 69780 | Elf:3    | Found Ditoxamoa's Book Emporium.
 69781 | Elf:3    | Found Teucvuir's Jewellery Shop.
 69782 | Elf:3    | Found Wadudop's Book Emporium.
 69796 | Elf:3    | Bought a book of Cantrips for 132 gold pieces
 69798 | Elf:3    | Learned a level 1 spell: Apportation
 69822 | Elf:3    | Reached skill level 10 in Fighting
 69882 | Elf:3    | Identified the +6 short sword "Ecziu" {holy, *Slow rElec
                  | rCorr Str+3}
 69970 | Elf:3    | Identified the ring of Vafadi {*Slow rC++ rN+ Dex+6 SInv}
 70021 | Elf:3    | Reached XP level 20. HP: 112/117 MP: 41/43
 70128 | Elf:3    | Identified the +7 great mace of the Moon {vorpal, Str+5}
 70703 | Elf:3    | Identified the +4 longbow "Kuutt" {flame, Dex+4}
 70714 | Elf:3    | Identified the +7 great mace of Awkwardness {freeze, rPois
                  | Str-4 Dex+2}
 70995 | Elf:3    | Identified the +0 dagger "Dyzxauk" {speed, Drain +Blink Fly
                  | Str+4}
 71159 | Elf:3    | Got the Grimoire of Ashen Darkness
 71165 | Elf:3    | Got the Papyrus of the Compass and the Mountains
 71337 | Elf:3    | Identified the +6 dagger of Deesitihum {venom, rC+}
 72349 | Elf:2    | Reached skill level 19 in Spellcasting
 72889 | Elf:3    | Bought a book of Blasting for 352 gold pieces
 72973 | Elf:3    | Learned a level 4 spell: Iskenderun's Mystic Blast
 73197 | Vaults:1 | Entered Level 1 of the Vaults
 74220 | Vaults:1 | Found Xuetidgh's Antique Weapon Boutique.
 74583 | Vaults:1 | Reached skill level 15 in Conjurations
 74633 | Vaults:1 | Noticed a golden dragon
 75592 | Vaults:1 | Reached XP level 21. HP: 109/124 MP: 7/45
 75940 | Vaults:1 | Killed a golden dragon
 75941 | Vaults:1 | Reached skill level 10 in Ice Magic
 75990 | Vaults:1 | oooh
 77884 | Vaults:2 | Identified the +1 hand crossbow of the Shallot {penet,
                  | *Corrode +Blink rPois Int+4}
 77986 | Vaults:2 | You are sucked into a shaft and drop 1 floor!
 79928 | Vaults:3 | lol
 80230 | Vaults:3 | Acquired 523 gold pieces
 80519 | Vaults:3 | Found a staircase to the Crypt.
 82370 | Vaults:3 | Reached XP level 22. HP: 132/132 MP: 20/46
 83760 | Vaults:4 | Reached skill level 20 in Spellcasting
 85586 | D:15     | Found a staircase to the Depths.
 85593 | Depths:1 | Entered Level 1 of the Depths
 85921 | Depths:1 | Identified the +0 chain mail of Card Tricks {SInv}
 86029 | Depths:1 | Noticed the Enchantress
 86036 | Depths:1 | Killed the Enchantress
 86053 | Depths:1 | Noticed Asterion
 86280 | Depths:1 | Found a radiant altar of Vehumet.
 86645 | Depths:1 | Found a gateway to Hell.
 86701 | Depths:1 | Killed Asterion
 87132 | Depths:1 | Found an ancient bone altar of Kikubaaqudgha.
 87432 | Depths:2 | Found a gateway to a ziggurat.
 87599 | Depths:2 | Found a one-way gate leading to the halls of Pandemonium.
 87731 | Depths:2 | Found a flickering gateway to a bazaar.
 87740 | Bazaar   | Entered a bazaar
 87742 | Bazaar   | Found Nubleeni's Book Emporium.
 87746 | Bazaar   | Found Qiabur's Distillery.
 87767 | Bazaar   | Bought a potion of brilliance for 52 gold pieces
 87767 | Bazaar   | Bought a potion of brilliance for 52 gold pieces
 87767 | Bazaar   | Bought a potion of curing for 39 gold pieces
 87767 | Bazaar   | Bought a potion of heal wounds for 65 gold pieces
 87767 | Bazaar   | Bought a potion of might for 52 gold pieces
 87775 | Bazaar   | Found Likhoe's Jewellery Shop.
 87810 | Bazaar   | Found Qashybo's Antique Armour Shoppe.
 87818 | Bazaar   | Bought a glimmering leather armour for 175 gold pieces
 87818 | Bazaar   | Identified the +1 leather armour "Sempockix" {rF+} (You
                  | bought it in a shop in a bazaar)
 87818 | Bazaar   | Bought a pair of embroidered gloves for 187 gold pieces
 87818 | Bazaar   | Bought a fine scale mail for 225 gold pieces
 87818 | Bazaar   | Identified the +2 scale mail "Rowicw" {Int+3} (You bought
                  | it in a shop in a bazaar)
 87870 | Bazaar   | Bought a ring of wizardry for 390 gold pieces
 87888 | Bazaar   | Bought a book of the Warp for 320 gold pieces
 87899 | Bazaar   | Bought a book of Iron for 360 gold pieces
 88062 | Depths:2 | Reached XP level 23. HP: 138/138 MP: 19/48
 90710 | Depths:3 | Found a one-way gate to the infinite horrors of the Abyss.
 91579 | Depths:3 | Noticed a golden dragon
 91595 | Depths:3 | Killed a golden dragon
 91664 | Depths:3 | Got the Handbook of Fiery Transmigration
 91665 | Depths:3 | woot
 91665 | Depths:3 | Acquired 1232 gold pieces
 91668 | Depths:3 | Got the Collected Works on Cold and Necromancy
 91757 | Depths:4 | Entered Level 4 of the Depths
 91771 | Depths:4 | Reached skill level 10 in Necromancy
 92779 | Depths:4 | Found a gate to the Realm of Zot.
 92882 | Depths:4 | Reached XP level 24. HP: 145/145 MP: 35/48
 93142 | Depths:4 | Noticed Louise
 93166 | Depths:4 | Killed Louise
 93166 | Depths:4 | Noticed a juggernaut
 93172 | Depths:4 | Killed a juggernaut
 93173 | Depths:4 | Reached skill level 21 in Spellcasting
 93954 | Vaults:4 | Acquired the ring of Gudeipn {Fire Fly rN+ Str-2 Int+5}
 93966 | Vaults:4 | Learned a level 6 spell: Dispersal
 93973 | Vaults:4 | Learned a level 6 spell: Eringya's Noxious Bog
 94394 | Crypt:1  | Entered Level 1 of the Crypt
 94405 | Crypt:1  | Reached skill level 5 in Poison Magic
 94407 | Crypt:1  | Noticed Mara
 94420 | Crypt:1  | Killed Mara
 95949 | Crypt:2  | Found a magical portal.
 95966 | WizLab   | Entered Doroklohe's Tomb
 96438 | WizLab   | Noticed a dread lich
 96441 | WizLab   | Killed a dread lich
 97264 | Crypt:2  | Reached skill level 10 in Dodging
 97401 | Crypt:2  | Noticed Sojobo
 97405 | Crypt:2  | Killed Sojobo
 97701 | Crypt:1  | Upgraded the game from 0.28-a0-612-gcfc00ec14d to
                  | 0.28-a0-628-g3c9886e45e
 98581 | Crypt:3  | Entered Level 3 of the Crypt
 98885 | Crypt:3  | Reached skill level 15 in Summonings
 99361 | Crypt:3  | Identified the ring "Lakople" {rElec rN+ Str-4 Dex-3
                  | Slay+6}
 99361 | Crypt:3  | Identified the ring of Nemelex Xobeh's Pride {rN+ MP+9}
 99361 | Crypt:3  | Identified the ring of Juor {rN+ MP+9}
 99368 | Crypt:3  | Got the Incunabulum of Evil
 99823 | Crypt:3  | Identified the ring of Umismuc {Str+6 Int-2 Dex+5}
100096 | Crypt:3  | Found the +10 tower shield of Ignorance {rN+ Int-4}
100199 | Crypt:3  | Noticed a royal mummy
100212 | Crypt:3  | Noticed a royal mummy
100216 | Crypt:3  | Killed a royal mummy
100217 | Crypt:3  | Reached XP level 25. HP: 152/152 MP: 26/49
100218 | Crypt:3  | Killed a royal mummy
100498 | Crypt:3  | Noticed Khufu
101105 | Crypt:3  | Found a staircase to the Tomb.
101246 | Crypt:3  | Found an ancient bone altar of Kikubaaqudgha.
101367 | Crypt:3  | Noticed an ancient lich
101370 | Crypt:3  | Killed an ancient lich
101399 | Crypt:3  | Got the Catalogue of Toxic Evil Secrets
101477 | Crypt:3  | ok
101955 | Slime:1  | Entered Level 1 of the Pits of Slime
102115 | Slime:2  | Gained mutation: You are weak. (Str -2) [a shining eye]
103440 | Slime:5  | Entered Level 5 of the Pits of Slime
103481 | Slime:5  | Lost mutation: You are weak. (Str -2) [a shining eye]
103482 | Slime:5  | ok
103483 | Slime:5  | sure
103993 | Slime:4  | Gained mutation: You sometimes lose the ability to read
                  | scrolls when taking damage. [a shining eye]
103995 | Slime:4  | Gained mutation: You tend to lose your temper in combat. [a
                  | shining eye]
104614 | Slime:5  | Found a viscous altar of Jiyva.
104642 | Slime:5  | Noticed the Royal Jelly
104698 | Slime:5  | Killed the Royal Jelly
104755 | Slime:5  | Reached skill level 10 in Fire Magic
105236 | Slime:5  | Found the +3 salamander hide armour {Flames rF++ rC--}
105251 | Slime:5  | Identified the ring of Runimood {rElec rPois rC+ Int+6}
105254 | Slime:5  | oh
105264 | Slime:5  | Identified the +1 leather armour "Nareecw" {Rampage}
105284 | Slime:5  | Identified the +6 hand axe "Qeveg" {flame, Contam rCorr
                  | Int+5}
105316 | Slime:5  | Identified the +1 robe of the Arena {Dex+4}
105339 | Slime:5  | Identified the +7 great mace of Tozinen {pain, rElec rC++
                  | rCorr Str-4}
105350 | Slime:5  | Identified the +11 crystal plate armour of Greater Demons
                  | {Dex+2 Slay+6}
105351 | Slime:5  | damn
105352 | Slime:5  | Got a slimy rune of Zot
105364 | Slime:5  | Identified the +0 chain mail "Hezuhoeng" {Dex+3}
105441 | Slime:5  | Identified the +0 flail "Passath" {venom, rElec rN+ Int+2
                  | Stlth+}
106114 | Lair:1   | Learned a level 9 spell: Chain Lightning
106439 | Vaults:1 | Lost mutation: You tend to lose your temper in combat.
                  | [potion of mutation]
106439 | Vaults:1 | Lost mutation: You sometimes lose the ability to read
                  | scrolls when taking damage. [potion of mutation]
106439 | Vaults:1 | Gained mutation: You are weak. (Str -2) [potion of
                  | mutation]
106439 | Vaults:1 | Lost mutation: You are weak. (Str -2) [potion of mutation]
106439 | Vaults:1 | Gained mutation: Your muscles are strong. (Str +2) [potion
                  | of mutation]
106440 | Vaults:1 | ick
106589 | Vaults:5 | Entered Level 5 of the Vaults
107009 | Vaults:5 | Identified the ring "Ubrigioq" {*Slow rElec rF+ Int+3
                  | Stlth+}
107093 | Vaults:5 | Reached XP level 26. HP: 159/159 MP: 19/49
107103 | Vaults:5 | Identified the +6 morningstar of Wodu {vamp, Int+4 Stlth+}
107103 | Vaults:5 | Identified the amulet of Vamytzoma {Spirit rElec rC+ rN+}
107193 | Vaults:5 | Reached skill level 22 in Spellcasting
107414 | Vaults:5 | Identified the +6 long sword "Raenkybum" {flame, rElec rN+}
107704 | Vaults:5 | Noticed an ancient lich
107708 | Vaults:5 | Killed an ancient lich
107962 | Vaults:5 | >:(
108534 | Vaults:5 | wtf
109348 | Vaults:5 | Identified the +0 ring mail of Spite {rPois Str+7 Int-5
                  | SInv}
109760 | Vaults:5 | Got a silver rune of Zot
109762 | Vaults:5 | Got Acwor's Disquisition on Flying Ignition
109885 | Vaults:5 | Identified the +2 hand crossbow of Recklessness {elec, rF+}
110586 | Depths:4 | Voluntarily entered the Abyss.
111194 | Abyss:3  | Reached skill level 15 in Fighting
111510 | Abyss:3  | Gained mutation: Your body sometimes deteriorates upon
                  | taking damage. [a neqoxec]
111548 | Abyss:3  | HP: 4/160 [reaper (9)]
111550 | Abyss:3  | Slain by a tentacled starspawn

Illustrated notes #.<...# .# #...... ..##### .# #.##### ...# ##.## #.# # .#.# #... #.# # .#.## #..# #.# # ....#####>.# ### ###.### # .........*.###.##########.....# # #...#####.###.................# # #........†.....@.............### .######.###...###.#............ .# ####.####..# #.#.###.....### .# #.....####.# #.#.# ###.### #.##.......# #.#.# #.# . #.##.####### #.#.# #.# .>.###.##.# #.#.#####.# .......##.#########).†.[...(# ...................##.####### Turn 31628 on D:11: hahah yes! *.####..#...........# *......^............## *.#.####'####.#......# *,,,#.......#........## *,###.#...#.###.......# *,#...........#......## ***,#.#..#'#..#.#......# **,,.#...##.##...#.)...## *,,*.'...'(@.'...'.#...# ### *,,,.#(..##.##...#....####.. *,**,#.#,,#'#..#.#....###... *,**,#.,,,....,,.#..####.... *,**,***,*...*,###..###..... *,**,,,*,.....,#...#####.... *,**,*,**##'####.#.....#.... *,**,,,,,,.............#..). *,,,,,,,**,#.##.......##.... Turn 48670 on Elf:1: yes *,* *,* #.# #.# **,,,,, *,* ##'#* #.# #.# *,,,,,, *,* *#...#* #.# #.# *,,,,,, *,* **.....#*#.# #.# *,,,,,, *,*****,......##.###.# **,,,,, *,,,,,+,.......'...>.#### **,,,, *,,****,..)....#........# **,,, *,** **.)..............# **** *,* *#......@.######.#### ##+## ##..#....# #....# * #><.#* #*+###### ####.# ## .....#* *,* #.# ##. ..ee..#* **,* #.###.. ....e..#***,,* #.##... eeE....+,,,>** #.#.... ..☼E.E##***** #.#.... #..e.## #.#⌠... Turn 49746 on Elf:2: .... #..............##...###.. #..####''####..#...###'## #..#........#..#...##...# #.)#........#..'..##..... #..#..####..#.)#..##..... #..#..#..#..#..#..##..... #..#..#([#..#..#.#.##...# #..#..#''#..#..#.##.##'## #..#....@...#..##.##..### #..#........#..###.####.. #..##########..# ##...... #..............####'##### #....p○°.......'...!.#... ##########'#####.###.#..> #.......# #.#p#.# .. #.......# #.#.### ## #.......# #.#... #. Turn 75990 on Vaults:1: oooh *#### *#.).#* ******** ##°○..,** *,,,,,,, ##.○#+*,,***,,,,,*, ##.@#*,**,,**,***,*, #.<##,,,**,.#,,,,,*, #..#,,,,,*..+,,*,,,, #..##,,,*#..#,,,,*** ##..##,*#..#*,,*,,,, ##..###..#**,,,,,*, ##.....#* *,,*,,*, ##...## *,,,,,*, ######'######*,,*,,,, Turn 79928 on Vaults:3: lol ##..§§#.#≈..#§≈###≈≈.≈≈###≈ ###..≈≈§#)...#≈§≈##≈≈...≈≈#≈≈ #....≈≈§≈§≈≈.≈§≈≈.'.......'.. ##..§≈≈§#.##'#≈≈#.#≈≈...≈≈#≈≈ #..§§≈#.....#≈≈#.##≈≈.≈≈###≈ ##.§§≈#'#.##§≈≈#.###≈.≈## ## ##.(.§≈≈.≈≈§≈≈§≈#.# ##### # #...[≈§#'#####≈≈#.# ## ##...≈≈#....@#≈§#.# ##≈ ##§.§≈#....:#≈≈#.# #≈≈ ##..§§≈#######≈≈#.# #.. #.#..≈§§§≈§≈≈≈≈≈#.# #≈≈ ####§.§§≈≈§≈≈≈≈##.# ##≈ #..§§§.§....# #.# ## #.....§....####.## # #...........#....# #................# # Turn 91665 on Depths:3: woot ###≈≈≈≈≈≈≈≈≈≈≈≈≈≈≈≈≈≈≈≈###<#....# #≈≈≈≈≈≈≈≈≈≈≈≈≈≈≈≈≈≈≈≈≈≈####.#### ##≈≈≈≈≈≈≈≈≈≈≈≈≈≈≈≈≈≈≈≈≈≈## #.#).≈ #≈≈≈≈≈≈≈≈≈≈≈≈≈≈≈≈≈≈≈≈≈≈≈≈###.#..≈ ≈≈≈≈≈≈≈≈≈≈≈≈≈≈≈≈≈≈≈≈≈≈≈≈≈≈##.#.## ≈≈≈≈≈≈≈≈≈≈≈≈≈≈≈≈≈≈≈≈≈≈≈≈≈≈##.#.#. ≈≈≈≈≈≈≈.....≈≈≈≈≈≈≈≈≈≈≈≈≈≈##.#.#. ≈≈≈≈≈.........≈≈≈≈≈≈≈≈≈≈≈≈≈#.#'#' ≈≈≈≈...........≈@≈≈≈≈≈≈≈≈≈≈#..... ≈≈≈.............≈≈≈≈≈≈≈≈≈≈≈###### ≈≈≈.............≈≈≈≈.......'..... ≈≈...............≈≈.......)'...)⌠ ≈≈...................≈≈≈≈≈≈#..... ≈≈..................≈≈≈≈≈≈≈#....⌠ ≈≈.................≈≈≈≈≈≈≈≈#..... ≈≈.).............≈≈≈≈≈≈≈≈≈####### ≈≈≈.<.......)...≈≈≈≈≈≈≈≈≈≈#...... Turn 101477 on Crypt:3: ok ,,*,*********** ,,,,,,**,#^.#.##* ,,,,,,,,,.......## ,,,,,,,,,........# ,,,,,,,,,........### ,,,,,,,,,..........# ,,,,,,,,,..........# ,,,,,,,,,..........# ,,,,,,,,,.......@..#** ,,,,,,,,,............#*** ,,,,,,,,,.....○.........*** ,,,,,,,,,....○...^......,,* ,,,,,,,,,...○°..........,,* *** ,,,,,,,,,..°............,,***,* ,,,,,,,,,.G*............,,,,,** ****,****...............,,,,** ,**,,**,**,,,,,,,,,,,,,,,,,*,* Turn 103482 on Slime:5: ok ,,*,*********** ,,,,,,**,#^.#.##* ,,,,,,,,,.......## ,,,,,,,,,........# ,,,,,,,,,........### ,,,,,,,,,..........# ,,,,,,,,,..........# ,,,,,,,,,..........# ,,,,,,,,,.......@..#** ,,,,,,,,,............#*** ,,,,,,,,,.....°.........*** ,,,,,,,,,....°...^......,,* ,,,,,,,,,...°...........,,* *** ,,,,,,,,,...............,,***,* ,,,,,,,,,..○............,,,,,** ****,****...............,,,,** ,**,,**,**,,,,,,,,,,,,,,,,,*,* Turn 103483 on Slime:5: sure

.................................
.................................
.................................
.................................
.........#####.####..............
........##,*#..##)##.............
.......##,,,#.##[(.##............
......##,|)##..##([:##...........
.....##,,[}:....@..[?##..........
.....#*,,[/......(}.:##..........
.....#**,?.:....[..(###..........
.....####..........####..........
.....#................#..........
.......#............#............
.....###*..........####..........
.....#**,$.=....).?(**#..........
.....#*,,,,......(|$,*#..........


Turn 105254 on Slime:5: oh ...###(.......[..(###............
...####..........####............ ...#................#...........°
.....#............#.............. ...####..........####............
...###(.......).?(###............ ...##.(=[......(|$?##............
...##.[..).....[φ:!##...........§ ....##(.[##..##(@[##.............
.....##=..#.##$(?##.............. ......##.##..##$##...............
.......#####.####................ .................................
................................. .................................
................................. ................................. Turn 105351
on Slime:5: damn .#.##.##.....############# .'..###......#########
##...........##......# .............##......# .............##......#
.............##......# ..)..........##......# .............####'####
.............#..@...# .............#......# .............#......#
.............#......# .########[...'......# )#......#[...#......#
.#......#....######## .#......#....# .#......#....# Turn 106440 on Vaults:1: ick
#...#...p#,,,,+##'....#...)'##+.. #...#....#.,.,*,/#....#....#..#..
....#.§§§#....*,:#....#....#(.#.. ,,,,#.§§§#....'##'....+....+##+..
,,,,#.§§§##,..,......###......... ,**,#§§§p##'##'##'##'# #+##+##'##
***,#§§§§##..........###......... ,,,,#.§§.#....'##'....'....+##+..
,,,,#....#,...#.@#....#....#(.#.. ,,,,#....#,...#§)#....#....#.)#..
,,..#....##...'##'....+....+##'.. ,.........'#.........###.........
*##........###################### ,..............).....))..........
,..............)......^.(........ *################################ Turn 107962
on Vaults:5: >:( ,,*#......##..#,,,,*,,* ,.....##......#....#,,*
,.....##......#....#,,* ..##..........#....#..# ..*#..........#....#..#
,,,.......##..#....#..# ,,,......(##..#....#..# C,,...##....).#....#..#
.,,...##...)..#.@..#..# .,**......##.......#..# ,,**......##.......#..#
,,,,..##.((...#....#..# ,,,,.,*#......#.....).# ##################....#
.......c..............# (.....................# ......................# Turn
108534 on Vaults:5: wtf

Levels and vault maps discovered:
D:1:      heliophobic_arrival_dark_side_of_the_moon, layout_loops_ring
D:2:      layout_basic, serial_glass, glass_columns_b, glass_columns_a,
          hellmonk_ecumenical_altar_zigzags
D:3:      kennysheep_slugbush, layout_rooms
D:4:      layout_basic, uniq_ijyb, uniq_robin
D:5:      layout_basic, lemuel_doored_altar, kennysheep_generic_room_2,
          uniq_blork_the_orc
D:6:      layout_loops_cross, lemuel_coloured_pillars_altar,
          minmay_temple_entry_overgrown, serial_shops, shop,
          minmay_tree_intersection, minmay_fountain_box
D:7:      layout_cave_pods, mainiacjoe_overflow_catwalk, minmay_statues_item,
          kennysheep_small_square, uniq_duvessa, uniq_menkaure, uniq_harold
D:8:      kennysheep_six_static_rooms, layout_basic, special_room
          [special_room_orc], amethyst_killhole, roderic_lattice_a
D:9:      layout_basic, fedhas_bush_and_centaur_altar, grunt_qazlal_clouds,
          due_lair_maze_entry_diamond, uniq_erica
D:10:     layout_basic, chequers_temple_overflow_statue_of_worship, special_room
          [special_room_orc], bh_hangedman_babel_library
D:11:     layout_loops_ring, orc_0_dummy
D:12:     layout_basic, serial_shops, shop_fountains,
          portal_ice_cave_entry_pillars_1, uniq_urug
D:13:     cheibrodos_magma_flow, layout_basic, serial_undead, serial_undead_b,
          serial_undead_f, serial_undead_c, serial_undead_a,
          minmay_beelzebubs_servants, uniq_nessos, uniq_kirke
D:14:     layout_basic, david_vaults_4, minivault_24, elves_outpost_lemuel,
          uniq_snorg, uniq_frances, uniq_agnes
D:15:     hangedman_depths_entry_try_elsewhere_first, layout_basic,
          nicolae_hepliaklqana_hippocampus, tso_oasis_becter
Temple:   regret_index_temple_waves
Lair:1:   layout_loops_ring, beast_lair_carwin_10
Lair:2:   layout_loops_ring, grunt_megastairs_2, infiniplex_staircase_pool_2,
          serial_bayou_shore_b
Lair:3:   layout_hall_layers, swamp_mist_pool,
          nicolae_spider_entry_tight_spaces, st_stairs_3, lemuel_fruit_fields
Lair:4:   layout_misc_corridors
Lair:5:   layout_regular_city, gammafunk_ghost_arena, roderic_carrion_pond
Lair:6:   due_jungle_book, layout_cellular_growth, slime_altar_1,
          nicolae_quartered_pool_little
Swamp:1:  layout_falls_marsh, nicolae_swamp_little_tower, uniq_josephine,
          uniq_mlioglotl
Swamp:2:  layout_basic_swamp, evilmike_swamp_ruin_house_1, swamp_pool1,
          grunt_witch_cave
Swamp:3:  layout_basic_swamp, evilmike_swamp_ruin_rubble_2,
          infiniplex_staircase_pool, uniq_aizul
Swamp:4:  swamp_icy, layout_basic_swamp
Spider:1: layout_spider_delve
Spider:2: layout_spider_delve, nicolae_spider_nooks_and_crannies
Spider:3: layout_chambers
Spider:4: johnstein_spider_rune_arachne_lair
Slime:1:  layout_caves
Slime:2:  cheibrodos_slime_lost_civilization_2, layout_caves
Slime:3:  layout_caves, cheibrodos_slime_lost_civilization_4
Slime:4:  layout_caves
Slime:5
Orc:1:    layout_caves, roderic_batcave
Orc:2:    grunt_orc_tribal_feast, layout_caves, basic_altar,
          ebering_ghost_inner_flame, uniq_azrael
Elf:1:    elf_arrival_001, layout_geoelf_octagon, serial_shops, shop,
          nicolae_shop_waterfront, shop, shop, basic_altar,
          ebering_ghost_disaster_area, minmay_elf_annihilation, minivault_15,
          uniq_donald
Elf:2:    nicolae_elf_blades_crystal_corner, layout_gridlike, enter_trove_1
Elf:3:    grunt_elf_hall_spiral, layout_loops_corners, serial_shops,
          nicolae_square_shop, minmay_shop_grove
Vaults:1: ontoclasm_vaults_pinch, nicolae_vaults_rhombus_5,
          ontoclasm_vaults_tryst, vaults_room_door_ring, vaults_mumra_hexcomb,
          grunt_vaults_swirl, st_squares, vaults_room_large_hall,
          nicolae_vaults_twisting_passages, nicolae_vaults_circle_grid_a,
          nicolae_vaults_bisected_exclaves, vaults_room_fours,
          nicolae_vaults_theta, hangedman_vaults_stretched_pinwheel,
          dpeg_vaults_monster_box, layout_vaults_omnibox, serial_shops,
          nicolae_lakefront_shop
Vaults:2: hangedman_vaults_unwind, vaults_room_hallway, hangedman_vaults_maws,
          ontoclasm_vaults_idyll, nicolae_vaults_alarming,
          layout_vaults_omnigrid
Vaults:3: vaults_room_ringed_pool, hangedman_vaults_stretched_pinwheel,
          ontoclasm_vaults_claustrophobia, minmay_crypt_entry_simple_box,
          v_misc_24, ontoclasm_vaults_ring_square, nicolae_vaults_what_the_h,
          v_misc_24, v_misc_29, special_room_vaults [special_room_orc],
          v_misc_14, hangedman_vaults_restitches,
          ontoclasm_vaults_decontamination, nicolae_vaults_shelves_hall,
          nicolae_vaults_little_squares_4, layout_vaults_omnicross
Vaults:4: v_misc_2, grunt_vaults_bifocal, vaults_room_door_ring, v_misc_4,
          v_misc_27, v_misc_11, v_alt_pattern_4, vaults_mumra_hex,
          ontoclasm_vaults_hangar, nicolae_vaults_specimen_jars, v_misc_14,
          vaults_room_fours, ontoclasm_vaults_ligature, layout_vaults_maze_bifur
Vaults:5
Crypt:1:  layout_chaotic_city, lemuel_upstairs_altar, uniq_mara
Crypt:2:  layout_chaotic_city, mu_enter_wizlab_1,
          nicolae_crypt_little_mausoleum, uniq_sojobo
Crypt:3:  quadcrypt_mu, uniq_khufu
Depths:1: layout_twisted_cross, grunt_mini_vestibule, nicolae_vehumet_radiance,
          lemuel_zombie_altar_kikubaaqudgha, grunt_megastairs_5, uniq_asterion,
          uniq_enchantress
Depths:2: minmay_polygon_palace, layout_long_grid, enter_ziggurat_e,
          rand_demon_pan_entry_8, hangedman_decor_opposing, hellmouth_1,
          serial_shops, bzr_in_the_mist
Depths:3: cheibrodos_lost_city_excavation, layout_cave_shapes,
          minmay_misc_feat_encased, grunt_hell_entry_dis_mu, abyss_entry,
          minmay_staircase_windowed_small, kennysheep_cross_landing
Depths:4: grunt_twist_and_shout, layout_cave_shapes, hangedman_glass_teeth,
          hell_entry, nicolae_abyss_entry_one_way_or_another,
          serial_bayou_shore_a
Abyss:3:  base: D:15, evilmike_abyss_rune_ettins,
          eino_small_chamber_without_monster

Skill      XL: |  1  2  3  4  5  6  7  8  9 10 11 12 13 14 15 16 17 18 19 20 21 22 23 24 25 26 |
---------------+-------------------------------------------------------------------------------+-----
Conjurations   | 2 3 4 5 7 9 10 11 12 13 14 15 16 17 18 19 20 21 | 21.2
Poison Magic   | 1 2 3 4 6 |  6.0
Air Magic      | 1 2 4 5 6 7 8 11 13 14 15 16 17 | 17.3
Spellcasting   | 4 5 6 8 9 10 12 14 15 16 17 18 19 20 21 22 | 22.3
Translocations | 1 2 3 4 5 6 7 |  7.7
Armour         | 1 3 4 5 6 7 8 |  8.4
Dodging        | 3 4 5 7 9 10 11 12 | 12.2
Fighting       | 1 2 4 5 6 8 9 10 11 12 13 14 15 | 15.0
Shields        | 2 3 4 5 6 7 8 9 10 11 12 13 14 | 14.6
Stealth        | 3 4 |  4.2
Throwing       | 1 |  1.0
Evocations     | 1 2 3 4 |  4.0
Summonings     | 3 5 6 7 8 10 11 12 13 14 15 | 15.3
Fire Magic     | 1 2 5 6 7 8 9 10 | 10.2
Transmutations | 2 4 5 6 7 8 9 |  9.7
Ice Magic      | 1 3 6 8 9 11 12 | 12.0
Necromancy     | 4 5 6 7 8 10 11 | 11.7
Long Blades    | |  0.2

Action                   |  1- 3 |  4- 6 |  7- 9 | 10-12 | 13-15 | 16-18 | 19-21 | 22-24 | 25-27 || total
-------------------------+-------+-------+-------+-------+-------+-------+-------+-------+-------++-------
Melee: Rapier            |     4 |       |       |       |       |       |       |       |       ||     4
       Dagger            |    12 |    47 |       |       |       |       |       |       |       ||    59
       Kick              |       |     7 |    19 |    42 |    40 |    11 |     6 |     3 |     2 ||   130
       Peck              |       |     6 |     7 |    27 |    14 |     7 |     1 |     2 |       ||    64
       Short sword       |       |    12 |    69 |   153 |       |       |       |       |       ||   234
       Staff             |       |       |       |       |   113 |    33 |    15 |     8 |     5 ||   174
       Unarmed           |       |       |       |       |     2 |       |       |       |       ||     2
       Double sword      |       |       |       |       |       |     7 |       |     4 |     2 ||    13
Throw: Dart              |    19 |     6 |     4 |    30 |    42 |     4 |       |       |       ||   105
 Cast: Magic Dart        |   106 |   169 |   166 |    91 |     6 |     4 |     1 |     7 |       ||   550
       Blink             |     3 |     4 |       |    33 |    38 |    53 |    37 |    15 |    23 ||   206
       Call Imp          |       |     5 |       |       |       |       |       |       |       ||     5
       Mephitic Cloud    |       |     2 |    12 |    30 |    28 |     1 |     1 |       |       ||    74
       Foxfire           |       |       |       |   270 |    34 |       |     2 |       |       ||   306
       Corpse Rot        |       |       |       |     1 |     1 |     1 |       |       |       ||     3
       Hailstorm         |       |       |       |    75 |     7 |     1 |       |       |       ||    83
       Airstrike         |       |       |       |   105 |   590 |   449 |   367 |    78 |    38 ||  1627
       Conjure Ball Ligh |       |       |       |       |   106 |   114 |       |       |       ||   220
       Starburst         |       |       |       |       |     6 |    87 |    57 |    45 |    52 ||   247
       Fireball          |       |       |       |       |       |    66 |    12 |     5 |       ||    83
       Lightning Bolt    |       |       |       |       |       |    31 |     1 |       |       ||    32
       Passwall          |       |       |       |       |       |     1 |       |       |       ||     1
       Orb of Destructio |       |       |       |       |       |    24 |   417 |   682 |   369 ||  1492
       Freezing Cloud    |       |       |       |       |       |    10 |    63 |    20 |    24 ||   117
       Spellforged Servi |       |       |       |       |       |       |     4 |     3 |     5 ||    12
       Iskenderun's Myst |       |       |       |       |       |       |    36 |    58 |     5 ||    99
       Apportation       |       |       |       |       |       |       |       |     3 |       ||     3
       Eringya's Noxious |       |       |       |       |       |       |       |     2 |       ||     2
       Dispersal         |       |       |       |       |       |       |       |       |     2 ||     2
Evoke: Wand              |       |     2 |     7 |    27 |    18 |    37 |    20 |    31 |    12 ||   154
       Phantom mirror    |       |       |       |       |     1 |     2 |     2 |     1 |     3 ||     9
       Piece from Xom's  |       |       |       |       |       |       |     5 |     2 |       ||     7
       Tin of tremorston |       |       |       |       |       |       |       |     4 |     6 ||    10
       Phial of floods   |       |       |       |       |       |       |       |     5 |     3 ||     8
       Lightning rod     |       |       |       |       |       |       |       |     9 |     2 ||    11
       Box of beasts     |       |       |       |       |       |       |       |       |     1 ||     1
       Condenser vane    |       |       |       |       |       |       |       |       |     1 ||     1
  Use: Potion            |     2 |     5 |       |     1 |     6 |    16 |     6 |     1 |    24 ||    61
       Scroll            |     2 |     1 |     5 |     9 |    18 |    22 |    15 |    23 |    15 ||   110
 Stab: Confused          |       |       |     3 |     7 |     1 |       |       |       |       ||    11
       Distracted        |       |       |     1 |       |       |       |       |       |       ||     1
       Sleeping          |       |       |     1 |       |       |       |       |       |       ||     1
       Paralysed         |       |       |       |    10 |       |    17 |     1 |       |       ||    28
Armor: Robe              |     9 |    21 |       |       |       |       |       |       |       ||    30
       Skin              |    13 |    19 |       |       |       |       |       |       |       ||    32
       Leather armour    |       |       |    25 |    32 |    31 |       |       |       |       ||    88
       Quicksilver drago |       |       |       |       |    69 |    89 |    78 |    55 |    34 ||   325
Dodge: Dodged            |    20 |    57 |    75 |   140 |   161 |   130 |   191 |   127 |   109 ||  1010
       Repelled          |       |       |       |       |     6 |    10 |       |       |       ||    16
Block: Buckler           |       |       |    24 |   158 |   168 |    35 |       |       |       ||   385
       Reflection        |       |       |       |     3 |     5 |    23 |    57 |    21 |    35 ||   144
       Kite shield       |       |       |       |       |       |   116 |   218 |   122 |   144 ||   600

Table legend: (Time is in decaauts)
 A = Elapsed time spent in this place.
 B = Non-inter-level travel time spent in this place.
 C = Inter-level travel time spent in this place.
 D = Time resting spent in this place.
 E = Time spent auto-exploring this place.
 F = Levels seen in this place.
 G = Mean time per level.
                   A        B        C        D        E       F      G
               +--------+--------+--------+--------+--------+-----+--------+
         Total | 106719 | 100681 |   6038 |  41900 |  35234 |  58 | 1840.0 |
       Dungeon |  25434 |  23663 |   1771 |   7531 |  12037 |  15 | 1695.6 |
        Temple |    106 |     66 |     40 |      0 |     32 |   1 |  106.0 |
          Lair |  16907 |  15711 |   1196 |   6457 |   5125 |   6 | 2817.8 |
         Swamp |   5464 |   5341 |    123 |   2715 |   1721 |   4 | 1366.0 |
   Spider Nest |   8500 |   8198 |    302 |   3898 |   2762 |   4 | 2125.0 |
    Slime Pits |   3668 |   3504 |    164 |   1218 |   1033 |   5 |  733.6 |
  Orcish Mines |   3893 |   3586 |    307 |   2012 |    963 |   2 | 1946.5 |
   Elven Halls |   9022 |   8468 |    554 |   4470 |   1722 |   3 | 3007.3 |
        Vaults |  15800 |  14809 |    991 |   6960 |   4348 |   5 | 3160.0 |
         Crypt |   6079 |   5895 |    184 |   1992 |   2322 |   3 | 2026.3 |
        Depths |   7659 |   7257 |    402 |   2701 |   2563 |   4 | 1914.8 |
         Abyss |    917 |    917 |      0 |    383 |     27 |   3 |  305.7 |
        Bazaar |    170 |    170 |      0 |      0 |     31 |   1 |  170.0 |
      Ice Cave |   2319 |   2319 |      0 |   1158 |    466 |   1 | 2319.0 |
        Wizlab |    775 |    775 |      0 |    399 |     77 |   1 |  775.0 |
               +--------+--------+--------+--------+--------+-----+--------+

Top non-repeatable levels by time:
  Lair:6: 5936 daAuts
Vaults:1: 4212 daAuts
Vaults:3: 3831 daAuts
    D:13: 3645 daAuts
  Lair:3: 3455 daAuts
   Elf:3: 3242 daAuts
Spider:4: 3196 daAuts
   Orc:2: 3020 daAuts
Spider:3: 2996 daAuts
Vaults:5: 2968 daAuts
   Elf:2: 2939 daAuts
   Elf:1: 2840 daAuts
 Crypt:3: 2778 daAuts
Vaults:4: 2613 daAuts
  Lair:1: 2392 daAuts
